 Dungeon Crawl Stone Soup version 0.32-a0-981-g384da2ce10 (webtiles) character file.

Game seed: 5886867133783595538

487 KennySheep the Cudgeller (level 6, -2/76 HPs)
             Began as a Mountain Dwarf Reaver on Apr 20, 2024.
             Was an Initiate of Ashenzari.
             Slain by an acid dragon (5 damage)
             ... on level 5 of the Dungeon.
             The game lasted 00:35:54 (3760 turns).

KennySheep the Cudgeller (Mountain Dwarf Reaver)    Turns: 3760, Time: 00:35:55

Health: -2/76      AC:  1    Str: 22    XL:     6   Next: 89%
Magic:  9/9        EV: 10    Int: 14    God:    Ashenzari [......]
Gold:   191        SH:  0    Dex:  8    Spells: 3/10 levels left

rFire   . . .        q - +0 whip
rCold   . . .        (no shield)
rNeg    + . .        r - +0 leather armour
rPois   .            d - +1 hat
rElec   .            (no cloak)
rCorr   .            (no gloves)
SInv    .            e - +0 pair of boots
Will    .....        (no amulet) Stlth
                     c - +6 ring of strength
HPRegen 0.32/turn    f - ring of positive energy
MPRegen 0.11/turn

%: no passive effects
@: berserking, weak-willed, corroded, very quick
A: runic magic, artefact enchanting, MP-powered wands
a: Renounce Religion


You were on level 5 of the Dungeon.
You worshipped Ashenzari.
Ashenzari was noncommittal.
You visited 1 branch of the dungeon, and saw 5 of its levels.

You collected 191 gold pieces.

Inventory:

Hand Weapons
 a - a +0 mace
 p - a +0 flail
 q - a +0 whip (weapon)
Armour
 b - a +0 leather armour
 d - a +1 hat (worn)
 e - a +0 pair of boots (worn)
 j - a +0 buckler
 o - a +0 ring mail
 r - a +0 leather armour (worn)
Jewellery
 c - a +6 ring of strength (left hand)
 f - a ring of positive energy (right hand)
 n - a ring of ice
Wands
 s - a wand of paralysis (1)
Scrolls
 g - a scroll of noise
 i - a scroll of revelation
 l - a scroll of fog
 m - 2 scrolls of enchant armour
Potions
 h - a potion of resistance
 k - a potion of curing


   Skills:
 - Level 3.0 Fighting
 - Level 4.3 Maces & Flails
 - Level 1.8 Armour
 - Level 1.3 Dodging
 - Level 0.1 Shields
 + Level 2.6 Spellcasting
 * Level 4.1 Conjurations
 - Level 2.0 Hexes
 - Level 2.0 Summonings
 * Level 3.4 Earth Magic


You had 3 spell levels left.
You knew the following spells:

 Your Spells              Type           Power      Damage    Failure   Level
a - Kiss of Death         Conj/Necr      28%        2d7       10%         1
b - Brom's Barrelling Bo  Conj/Erth      12%        2d4       43%         4
c - Momentum Strike       Conj/Tloc      14%        3d8       16%         2

Your spell library contained the following spells:

 Spells                   Type           Power      Damage    Failure   Level
 Dazzling Flash           Conj/Hex       20%        N/A       21%         3
 Hailstorm                Conj/Ice       7%         3d5       30%         3
 Mephitic Cloud           Conj/Alch/Air  5%         N/A       36%         3
 Summon Ice Beast         Ice/Summ       4%         N/A       41%         3
 Iskenderun's Battlesphe  Conj           13%        2d7       75%         5
 Fireball                 Conj/Fire      3%         3d4       95%         5
 Summon Mana Viper        Hex/Summ       7%         N/A       95%         5
 Silence                  Hex/Air        2%         N/A       99%         5
 Conjure Ball Lightning   Conj/Air       3%         3x3d6     100%        6
 Monstrous Menagerie      Summ           3%         N/A       100%        7
 Orb of Destruction       Conj           6%         9d6       100%        7


Dungeon Overview and Level Annotations

Branches:
Dungeon (5/15)
 Temple: D:4-7

Altars:
Ashenzari

Annotations:
D:4 Dowan


Innate Abilities, Weirdness & Mutations

Your spellcasting is much less encumbered by armour.
You can use scrolls of enchantment on lesser artefacts.
You expend magic power (3 MP) to strengthen your wands.


Message History

The jackal is almost dead.
The jackal bites you.
You hit the jackal.
You kill the jackal!
Casting: Momentum Strike (safe; 16% risk of failure)
Confirm with . or Enter, or press ? or * to list all spells.
Okay, then.
You see here a jackal corpse.
An acid dragon comes into view.
As you read the scroll labelled WOOSEOMOET, it crumbles to dust.
A wave of despondency washes over your surroundings.
It was a scroll of vulnerability.
Okay, then.
An orc comes into view. It is wielding a +0 dagger.
The acid dragon spits acid at you. The splash of acid hits you!!
The acid dragon bites you! The acid dragon claws you.
A red film seems to cover your vision as you go berserk!
You feel yourself moving faster!
You feel mighty!
The acid dragon bites you but does no damage.
The acid dragon barely misses you.
You closely miss the acid dragon. You hit the acid dragon.
The acid dragon is lightly wounded.
The acid dragon spits acid at you. The splash of acid hits you!
* * * LOW HITPOINT WARNING * * *
The acid corrodes you!
You hit the acid dragon.
The acid dragon is moderately wounded.
The acid dragon closely misses you. x2; The orc hits you with a +0 dagger.
* * * LOW HITPOINT WARNING * * *
You closely miss the acid dragon.
The acid dragon is moderately wounded.
You hit the acid dragon.
The acid dragon is heavily wounded.
The acid dragon bites you!
* * * LOW HITPOINT WARNING * * *
The acid dragon claws you.
You die...

. .. ... .. .#
..#. ..###..
..#.. ..#...#
.#..####.....#
#..#.......#
##
###..........#
..
.........D...#
.. ..
.....#..@o...#
..#
#...#.....#
####..#
#..###....#
..#..# #..#
##..# .....#
##.## ..#
.....# #..# .#
.....## ##..#
# ......#
#..## ......##
##..# .


You could see an acid dragon (catching breath, weak-willed) and an orc.

Vanquished Creatures
  A phantom (D:5)
  A water moccasin zombie (D:5)
  A howler monkey (D:5)
  A centaur zombie (D:5)
  2 bullfrog zombies (D:5)
  A jelly (D:5)
  2 orc priests
  A bullfrog skeleton (D:5)
  An orc wizard (D:3)
  3 dart slugs
  2 ribbon worms (D:2)
  11 orcs
  3 endoplasms
  2 giant cockroaches (D:2)
  3 goblins
  8 hobgoblins
  3 jackals (D:5)
  3 quokkas
  10 ball pythons
  4 bats
  2 frilled lizards
  6 kobolds
  11 rats
82 creatures vanquished.

Notes
Turn   | Place    | Note
-------+----------+-------------------------------------------
     0 | D:1      | KennySheep the Mountain Dwarf Reaver began the quest for
                  | the Orb.
     0 | D:1      | Reached XP level 1. HP: 17/17 MP: 3/3
   169 | D:1      | Reached XP level 2. HP: 23/25 MP: 4/4
   267 | D:1      | HP: 1/25 [dart slug/slug dart (3)]
   269 | D:1      | Reached skill level 1 in Armour
   269 | D:1      | Gained mutation: You expend magic power (3 MP) to
                  | strengthen your wands. [potion of mutation]
   983 | D:2      | Reached XP level 3. HP: 29/30 MP: 5/5
  1461 | D:2      | Reached skill level 1 in Hexes
  1461 | D:2      | Reached skill level 1 in Summonings
  1828 | D:3      | Upgraded the game from 0.32-a0-975-g85d4e5bfdb to
                  | 0.32-a0-981-g384da2ce10
  1852 | D:3      | Reached XP level 4. HP: 12/37 MP: 6/6
  2493 | D:3      | Learned a level 4 spell: Brom's Barrelling Boulder
  2694 | D:4      | Noticed a black bear
  2764 | D:4      | Noticed a scorpion
  2852 | D:4      | Reached XP level 5. HP: 44/45 MP: 7/7
  2884 | D:4      | Reached skill level 1 in Earth Magic
  2964 | D:4      | Noticed Dowan
  2979 | D:5      | Entered Level 5 of the Dungeon
  3010 | D:5      | Noticed a yak
  3275 | D:5      | Reached XP level 6. HP: 35/51 MP: 9/9
  3358 | D:5      | Found a broken altar of Ashenzari.
  3380 | D:5      | Became a worshipper of Ashenzari the Shackled
  3447 | D:5      | Learned a level 2 spell: Momentum Strike
  3750 | D:5      | Noticed an acid dragon
  3760 | D:5      | HP: 3/76 [acid dragon (8)]
  3760 | D:5      | Slain by an acid dragon

Illustrated notes

Levels and vault maps discovered:
D:1:      scummos_arrival_simple_crosswalls, layout_rooms, st_stairs_5
D:2:      layout_basic, serial_bayou_pond_d
D:3:      layout_loops_cross, serial_aquarium, aquarium_bridge_straight
          [aquarium_subvault_bridge, aquarium_subvault_wall,
          aquarium_subvault_bridge, aquarium_subvault_wall],
          aquarium_window_fake, aquarium_window_fake, aquarium_view_2f,
          aquarium_pool_2, grunt_ministairs_8
D:4:      layout_basic, nicolae_qazlal_scattered_showers, temple_doors_e,
          uniq_duvessa
D:5:      kennysheep_big_flooded_room, layout_layer_cave,
          mainiacjoe_overflow_small_starburst, gammafunk_ghost_mausoleum,
          serial_shops, shop, serial_undead, serial_undead_c, serial_undead_f,
          serial_undead_e, serial_undead_b, chequers_serial_rivers_marsh,
          uniq_ijyb

Skill      XL: |  1  2  3  4  5  6 |
---------------+-------------------+-----
Maces & Flails | 4 |  4.3
Armour         | 1 |  1.8
Hexes          | 1 2 |  2.0
Summonings     | 1 2 |  2.0
Fighting       | 3 |  3.0
Earth Magic    | 2 3 |  3.4
Conjurations   | 3 4 |  4.1
Spellcasting   | 2 |  2.6
Dodging        | |  1.3
Shields        | |  0.1

Action                     |  1- 3 |  4- 6 || total
---------------------------+-------+-------++-------
  Melee: Mace              |   174 |    42 ||   216
         Whip              |       |   177 ||   177
   Cast: Momentum Strike   |       |     5 ||     5
    Use: Potion            |     3 |     1 ||     4
         Scroll            |     5 |     2 ||     7
 Armour: Leather armour    |   144 |   113 ||   257
         Ring mail         |       |    50 ||    50
  Dodge: Dodged            |    90 |    95 ||   185

Table legend: (Time is in decaauts)
 A = Elapsed time spent in this place.
 B = Non-inter-level travel time spent in this place.
 C = Inter-level travel time spent in this place.
 D = Time resting spent in this place.
 E = Time spent auto-exploring this place.
 F = Levels seen in this place.
 G = Mean time per level.
                   A        B        C        D        E       F      G
               +--------+--------+--------+--------+--------+-----+--------+
         Total |   3789 |   3601 |    188 |    576 |   1892 |   5 |  757.8 |
       Dungeon |   3789 |   3601 |    188 |    576 |   1892 |   5 |  757.8 |
               +--------+--------+--------+--------+--------+-----+--------+

Top non-repeatable levels by time:
     D:3: 1144 daAuts
     D:1: 947 daAuts
     D:5: 765 daAuts
     D:2: 721 daAuts
     D:4: 210 daAuts
